 Dungeon Crawl Stone Soup version 0.26-a0-54-g15ccc7ae60 (webtiles) character file.

Game seed: 3817968232623360105

90753 Lauz the Minotaur Blade (level 15, 0/143 HPs)
             Began as a Minotaur Berserker on June 7, 2020.
             Was the Champion of Trog.
             Slain by an orc sorcerer
             ... wielding a +0 dagger
              (3 damage)
             ... while paralysed by an orc sorcerer
             ... on level 1 of the Orcish Mines.
             The game lasted 01:05:00 (23237 turns).

Lauz the Minotaur Blade (Minotaur Berserker)       Turns: 23237, Time: 01:05:00

Health: 0/143      AC: 22    Str: 25    XL:     15   Next: 53%
Magic:  14/14      EV:  2    Int:  4    God:    Trog [******]
Gold:   2171       SH:  0    Dex: 10    Spells: 14/14 levels left

rFire    . . .     SeeInvis .   z - +12 great sword of the Thoughtful Cities {vorpal, rPois rN+ Str-3 Stlth+}
rCold    + . .     Gourm    .   (shield currently unavailable)
rNeg     + . .     Faith    .   p - +3 chain mail of the New World {Slay+2}
rPois    +         Spirit   .   (helmet restricted)
rElec    .         Reflect  .   x - +1 cloak
rCorr    .         Harm     .   u - +1 pair of gloves {archery}
MR       +....                  (no boots)
Stlth    ..........             s - amulet of regeneration
HPRegen  0.73/turn              m - ring of poison resistance
MPRegen  0.14/turn              O - ring of protection from cold

@: paralysed, studying Dodging, lightly drained
A: retaliatory headbutt, horns 2
a: Berserk, Trog's Hand, Brothers in Arms, Renounce Religion


You were on level 1 of the Orcish Mines.
You worshipped Trog.
Trog was exalted by your worship.
You were very hungry.

You visited 3 branches of the dungeon, and saw 20 of its levels.
You also visited: Gauntlet and Ice Cave.

You collected 2457 gold pieces.
You spent 286 gold pieces at shops.

Inventory:

Hand Weapons
 a - a +2 scimitar of flaming
 b - a -2 triple sword of protection
 z - the +12 great sword of the Thoughtful Cities (weapon) {vorpal, rPois rN+ Str-3 Stlth+}
   (Trog gifted it to you in an ice cave)

   It inflicts extra damage upon your enemies.
   It affects your strength (-3).
   It protects you from poison.
   It protects you from negative energy.
   It makes you more stealthy.
 K - a +5 antimagic double sword
Missiles
 F - 411 stones (quivered)
Armour
 f - a +0 tower shield
 p - the +3 chain mail of the New World (worn) {Slay+2}
   (You found it on level 4 of the Dungeon)

   It affects your accuracy and damage with ranged weapons and melee attacks
   (+2).
 u - a +1 pair of gloves of archery (worn)
 x - a +1 cloak (worn)
 y - a +0 kite shield of protection
 A - a +1 plate armour of cold resistance
 D - a +0 buckler
 P - a +1 pair of gloves
Jewellery
 m - a ring of poison resistance (left hand)
 s - an amulet of regeneration (around neck)
 O - a ring of protection from cold (right hand)
 R - a +6 ring of strength {unknown}
Wands
 k - a wand of polymorph (6)
 n - a wand of acid (7)
 q - a wand of clouds (3)
 v - a wand of flame (21)
 C - a wand of random effects (20)
Scrolls
 e - 9 scrolls of remove curse
 h - 10 scrolls of teleportation
 i - a scroll of blinking
 E - 4 scrolls of enchant weapon
 J - 4 scrolls of noise
 L - 5 scrolls of enchant armour
 M - 2 scrolls of fog
 S - a scroll of summoning
 T - 3 scrolls of identify
 W - a scroll of fear
Potions
 d - 5 potions of heal wounds
 g - 5 potions of curing
 j - 3 potions of mutation {unknown}
 l - 5 potions of haste {unknown}
 o - 2 potions of brilliance {unknown}
 r - 4 potions of magic {unknown}
 B - 2 potions of berserk rage {unknown}
 G - 2 potions of flight {unknown}
 H - 3 potions of stabbing {unknown}
 I - 2 potions of resistance
 N - a potion of ambrosia {unknown}
 Q - 5 potions of degeneration {unknown}
 U - a potion of cancellation {unknown}
 V - 3 potions of lignification {unknown}
 Y - a potion of might {unknown}
Books
 w - a manual of Dodging
Comestibles
 c - 41 rations


   Skills:
 * Level 15.7(15.6) Fighting
 + Level 21.2(21.0) Long Blades
 + Level 15.7(15.5) Armour
 * Level 7.4(7.2) Dodging
 - Level 4.8(4.7) Shields


You had 14 spell levels left.
You didn't know any spells.
Your spell library was empty.

Dungeon Overview and Level Annotations

Branches:
Dungeon (12/15)            Temple (0/1) D:7            Lair (6/6) D:8
 Shoals (0/4) Lair:4        Snake (0/4) Lair:4        Slime (0/5) Lair:6
    Orc (2/2) D:9             Elf (0/3) Orc:2         IceCv (visited)
Gauntlet (visited)

Altars:
Kikubaaqudgha
Okawaru
Vehumet
Beogh

Shops:
D:6 ([!   D:8 *   Orc:2 [!}[[

Portals:
Abyss: Lair:4

Annotations:
Lair:4 2 transporters, Nuladee's ghost, journeyman TrMo
Lair:5 1 transporter, exclusion: oklob plant, Libboc's ghost, journeyman DEFE


Innate Abilities, Weirdness & Mutations

You reflexively headbutt those who attack you in melee.
You have a pair of horns on your head.


Message History

The bolt of fire hits you!
The bolt of fire misses the orc.
The orc knight roars a battlecry!
The orc sorcerers go into a battle-frenzy!
The orc hits you but does no damage.
The orc warrior hits you with a +1 scimitar of protection!!
* * * LOW HITPOINT WARNING * * *
The orc warrior hits you from afar with a +0 halberd!
* * * LOW HITPOINT WARNING * * *
The orc priest hits you but does no damage.
The orc hits you but does no damage.
The orc warrior hits you but does no damage.
The orc priest looks satisfied for a moment.
The orc warrior hits you from afar with a +0 halberd!
* * * LOW HITPOINT WARNING * * *
The orc priest hits you but does no damage.
The orc barely misses you. The orc hits you with a +0 hand axe.
* * * LOW HITPOINT WARNING * * *
The orc sorcerer hits you with a +0 dagger.
You die...

#. .......##
#.$ .........
##.####......##
#...#.#........
..........$....
#.......$......
......ooo......
......o@o......
.....ooo)......
.....oo.o......
....o.o....##..
.....##....# .
..... #.....
.... ##.....
.... ......


You could see an orc knight, 2 orc sorcerers, 4 orc warriors, 2 orc priests, an
orc wizard (strong) and 3 orcs.

Vanquished Creatures
  Kirke (Lair:6)
  A frost giant (IceCv)
  A stone giant (Orc:1)
  An entropy weaver (Gauntlet)
  A minotaur (Gauntlet)
  A death ooze (Gauntlet)
  A blizzard demon (Gauntlet)
  2 ogre magi (Orc:2)
  Fannar (Lair:1)
  Erolcha (Orc:2)
  A catoblepas (Lair:6)
  3 hydras
  14 death yaks
  A deep troll shaman (Lair:6)
  A tengu warrior (Gauntlet)
  A queen ant (Gauntlet)
  A two-headed ogre (D:9)
  A skeletal warrior (D:12)
  A swamp dragon (D:12)
  3 unseen horrors
  Pikel (D:6)
  An orc knight (Orc:1)
  A lindwurm (Lair:6)
  2 manticores
  2 ugly things
  8 orc sorcerers (Orc:2)
  A cyclops (Orc:1)
  A wolf spider (Gauntlet)
  13 elephants
  5 black mambas
  Joseph (D:7)
  An ice statue (IceCv)
  2 torpor snails
  7 spiny frogs
  A gargoyle (D:12)
  A komodo dragon (Lair:5)
  An ice devil (Gauntlet)
  5 rime drakes
  2 tengu conjurers (Gauntlet)
  A queen bee (D:10)
  21 polar bears
  5 trolls
  2 jumping spiders (Gauntlet)
  9 hippogriffs
  6 slime creatures (D:12)
  21 blink frogs
  Sigmund (D:4)
  2 spriggans
  74 yaks
  A wraith (D:12)
  A hog (Lair:6)
  5 wyverns
  2 basilisks
  2 wargs (Orc:1)
  4 soldier ants (Gauntlet)
  7 porcupines
  23 water moccasins
  25 orc warriors
  2 phantoms
  4 sky beasts
  2 black bears
  10 ogres
  A necrophage (D:8)
  31 wolves
  8 centaurs
  14 crocodiles
  3 big kobolds
  21 bullfrogs
  A gnoll sergeant (D:7)
  5 scorpions
  52 killer bees
  11 howler monkeys
  7 electric eels
  2 lava snakes (Lair:2)
  6 crimson imps
  3 centaur zombies
  2 bullfrog zombies
  4 jellies (Lair:6)
  A quasit (D:7)
  6 hounds
  39 orc wizards
  26 orc priests
  Crazy Yiuf (D:6)
  2 centaur skeletons
  4 iguanas
  8 worker ants
  A worker ant zombie (D:6)
  16 gnolls
  25 adders
  3 shadow imps
  2 white imps (Gauntlet)
  2 oozes
  An adder skeleton (D:6)
  An adder zombie (D:9)
  3 worms
  2 dart slugs
  6 leopard geckos
  118 orcs
  14 giant cockroaches
  8 goblins
  11 hobgoblins
  15 jackals
  28 kobolds
  3 quokkas
  2 ball pythons (D:3)
  4 bats
  3 frilled lizards
  A jackal skeleton (D:6)
  4 rats
  2 plants
857 creatures vanquished.

Vanquished Creatures (others)
  An unseen horror (D:12)
  A hippogriff (Lair:6)
  A human (Lair:6)
  A centaur (D:6)
  A crocodile (Lair:6)
  12 fungi
  10 plants
27 creatures vanquished.

Grand Total: 884 creatures vanquished

Notes
Turn   | Place    | Note
-------+----------+-------------------------------------------
     0 | D:1      | Lauz the Minotaur Berserker began the quest for the Orb.
     0 | D:1      | Reached XP level 1. HP: 19/19 MP: 0/0
   150 | D:1      | Reached XP level 2. HP: 27/27 MP: 1/1
   252 | D:1      | Reached skill level 4 in Long Blades
   941 | D:2      | Reached XP level 3. HP: 32/33 MP: 2/2
  1151 | D:2      | Reached ** piety under Trog
  1783 | D:2      | Reached XP level 4. HP: 37/41 MP: 3/3
  2410 | D:3      | Reached skill level 5 in Long Blades
  2563 | D:3      | Reached XP level 5. HP: 47/47 MP: 4/4
  2564 | D:3      | Reached *** piety under Trog
  3483 | D:4      | Got a smelly chain mail
  3494 | D:4      | Identified the +3 chain mail of the New World {Slay+2} (You
                  | found it on level 4 of the Dungeon)
  3621 | D:4      | Reached skill level 5 in Fighting
  3621 | D:4      | Reached XP level 6. HP: 38/56 MP: 5/5
  3627 | D:4      | Reached skill level 6 in Long Blades
  3917 | D:4      | Noticed Sigmund
  3925 | D:4      | Killed Sigmund
  3960 | D:4      | Reached XP level 7. HP: 49/61 MP: 6/6
  4150 | D:5      | Entered Level 5 of the Dungeon
  4160 | D:5      | Reached skill level 5 in Armour
  4161 | D:5      | Reached skill level 7 in Long Blades
  4792 | D:6      | Reached XP level 8. HP: 43/70 MP: 7/7
  4860 | D:6      | Reached skill level 8 in Long Blades
  4952 | D:6      | Found Xiceag's Antique Armour Emporium.
  5041 | D:6      | Found Midwot's Weapon Shop.
  5048 | D:6      | Reached **** piety under Trog
  5192 | D:6      | Noticed Pikel
  5197 | D:6      | Killed Pikel
  5197 | D:6      | Reached skill level 9 in Long Blades
  5326 | D:6      | Found a runed translucent door.
  5327 | D:6      | Noticed Crazy Yiuf
  5527 | D:6      | Found an iron altar of Okawaru.
  5842 | D:6      | Reached XP level 9. HP: 78/78 MP: 8/8
  5910 | D:6      | Found Fishees's Distillery.
  6011 | D:6      | Killed Crazy Yiuf
  6399 | D:7      | Found a staircase to the Ecumenical Temple.
  6476 | D:7      | Reached skill level 10 in Long Blades
  6476 | D:7      | Reached skill level 10 in Armour
  6476 | D:7      | Reached skill level 5 in Dodging
  6604 | D:7      | Reached ***** piety under Trog
  6847 | D:7      | Reached skill level 1 in Shields
  6961 | D:7      | Noticed Joseph
  6977 | D:7      | Killed Joseph
  7138 | D:8      | Found Gad Bygrul's Lightly-Used Armoury.
  7146 | D:8      | Reached XP level 10. HP: 88/88 MP: 9/9
  7171 | D:8      | Bought a -2 triple sword for 1 gold piece
  7482 | D:8      | Found a staircase to the Lair.
  8328 | D:8      | Reached skill level 11 in Long Blades
  8418 | D:9      | Received a gift from Trog
  8595 | D:9      | Found a staircase to the Orcish Mines.
  8596 | D:9      | Found a roughly hewn altar of Beogh.
  8978 | D:9      | Reached skill level 12 in Long Blades
  9272 | D:9      | Noticed a two-headed ogre
  9282 | D:9      | Killed a two-headed ogre
  9503 | D:10     | Entered Level 10 of the Dungeon
  9624 | D:10     | Reached skill level 13 in Long Blades
  9776 | D:10     | Reached XP level 11. HP: 74/95 MP: 10/10
  9936 | D:10     | Received a gift from Trog
 10573 | D:10     | Killed an unseen horror
 10890 | D:11     | Reached ****** piety under Trog
 10896 | D:11     | Reached skill level 14 in Long Blades
 11092 | D:11     | Found a frozen archway.
 11102 | IceCv    | Entered an ice cave
 11429 | IceCv    | Reached skill level 15 in Long Blades
 11454 | IceCv    | Noticed a death yak
 11462 | IceCv    | Killed a death yak
 11562 | IceCv    | Received a gift from Trog
 11577 | IceCv    | Reached XP level 12. HP: 101/106 MP: 3/11
 11579 | IceCv    | Got a fine great sword {god gift}
 11580 | IceCv    | Identified the +12 great sword of the Thoughtful Cities
                  | {vorpal, rPois rN+ Str-3 Stlth+} (Trog gifted it to you in
                  | an ice cave)
 11900 | IceCv    | Reached skill level 10 in Fighting
 11983 | IceCv    | Reached skill level 16 in Long Blades
 11984 | IceCv    | Noticed a frost giant
 11984 | IceCv    | Noticed a death yak
 11996 | IceCv    | Killed a death yak
 12005 | IceCv    | Killed a frost giant
 12545 | D:11     | Reached skill level 17 in Long Blades
 13116 | D:12     | Received a gift from Trog
 13129 | D:12     | Reached XP level 13. HP: 97/115 MP: 12/12
 13249 | D:12     | Reached skill level 18 in Long Blades
 13307 | D:12     | Identified the +15 crystal plate armour of Weightlessness
                  | {rElec}
 13307 | D:12     | Identified the ring of Oci Ramipne {rN+ Int+6 Dex+2}
 13540 | Lair:1   | Entered Level 1 of the Lair of Beasts
 13541 | Lair:1   | Noticed Fannar
 13555 | Lair:1   | Killed Fannar
 15487 | Lair:2   | Reached skill level 19 in Long Blades
 15628 | Lair:3   | Received a gift from Trog
 16494 | Lair:4   | Found a staircase to the Shoals.
 16536 | Lair:4   | Reached XP level 14. HP: 90/125 MP: 13/13
 16703 | Lair:4   | Found a transporter.
 16707 | Lair:4   | Found a one-way gate to the infinite horrors of the Abyss.
 16707 | Lair:4   | Noticed Nuladee's ghost (journeyman TrMo)
 16712 | Lair:4   | Noticed a cacodemon
 16748 | Lair:4   | Found a transporter.
 16944 | Lair:4   | Found a staircase to the Snake Pit.
 17193 | Lair:4   | Reached skill level 20 in Long Blades
 17636 | Lair:5   | Noticed Libboc's ghost (journeyman DEFE)
 17954 | Lair:5   | Found a transporter.
 18408 | Lair:6   | Entered Level 6 of the Lair of Beasts
 18578 | Lair:6   | Received a gift from Trog
 18594 | Lair:6   | Reached skill level 15 in Armour
 18883 | Lair:6   | Found a staircase to the Slime Pits.
 19568 | Lair:6   | Identified a scroll of acquirement
 19653 | Lair:6   | Noticed Kirke
 19665 | Lair:6   | Killed Kirke
 19790 | Lair:6   | Reached XP level 15. HP: 79/138 MP: 14/14
 20451 | Orc:1    | Entered Level 1 of the Orcish Mines
 20623 | Orc:1    | Reached skill level 21 in Long Blades
 20644 | Orc:1    | Received a gift from Trog
 20915 | Orc:1    | Found a roughly hewn altar of Beogh.
 21063 | Orc:2    | Entered Level 2 of the Orcish Mines
 21063 | Orc:2    | Found a staircase to the Elven Halls.
 21105 | Orc:2    | Found Diluliar's Armour Shop.
 21307 | Orc:2    | Found a gate leading to a gauntlet.
 21314 | Gauntlet | Entered a Gauntlet
 21314 | Gauntlet | Found a transporter.
 21315 | Gauntlet | Found a runed translucent gate.
 21315 | Gauntlet | Found a runed translucent gate.
 21316 | Gauntlet | Found a runed translucent gate.
 21391 | Gauntlet | Found a transporter.
 21394 | Gauntlet | Found a transporter.
 21395 | Gauntlet | Found a transporter.
 21403 | Gauntlet | Found a transporter.
 21406 | Gauntlet | Found a transporter.
 21407 | Gauntlet | Found a transporter.
 21416 | Gauntlet | Found a transporter.
 21418 | Gauntlet | Found a transporter.
 21419 | Gauntlet | Found a transporter.
 21423 | Gauntlet | Found a runed translucent door.
 21423 | Gauntlet | Found a runed translucent door.
 21427 | Gauntlet | Found a transporter.
 21430 | Gauntlet | Found a transporter.
 21431 | Gauntlet | Found a transporter.
 21439 | Gauntlet | Found a transporter.
 21633 | Gauntlet | Reached skill level 15 in Fighting
 21684 | Gauntlet | Identified the -1 pair of boots of the Eight Boll Weevils
                  | {Dex+3} (You found it in a Gauntlet)
 21820 | Gauntlet | Identified the +9 war axe of Pride {freeze, *Drain rElec
                  | rF+ MR+}
 21833 | Gauntlet | Identified the Handbook of Dislocation
 22220 | Orc:2    | Found Eckaschag's Distillery.
 22464 | Orc:2    | Found an ancient bone altar of Kikubaaqudgha.
 22471 | Orc:2    | Received a gift from Trog
 22483 | Orc:2    | Found Ononis's Gadget Boutique.
 22496 | Orc:2    | Noticed Erolcha
 22508 | Orc:2    | Killed Erolcha
 22509 | Orc:2    | Found a radiant altar of Vehumet.
 22521 | Orc:2    | Found a roughly hewn altar of Beogh.
 22521 | Orc:2    | Found Wipp's Antique Armour Boutique.
 22546 | Orc:2    | Bought a pair of runed gloves for 285 gold pieces
 22581 | Orc:2    | Found Moja's Antique Armour Shop.
 23233 | Orc:1    | Paralysed by an orc sorcerer for 4 turns
 23236 | Orc:1    | HP: 5/143 [orc warrior/+0 halberd[an orc knight] (8)]
 23237 | Orc:1    | Slain by an orc sorcerer

Illustrated notes

Levels and vault maps discovered:
D:1:      minmay_arrival_wavy_path, layout_basic
D:2:      layout_basic, first_ration, minmay_3d_cube
D:3:      minmay_roachtagon, layout_basic, serial_bayou_pond_d
D:4:      wad_pebble_path, layout_basic, uniq_sigmund
D:5:      cheibrodos_helix_gallery, layout_basic, kennysheep_mini_moat,
          cheibrodos_sewer_entry_bend
D:6:      layout_loops_cross, serial_shops, nicolae_shop_stone, shop,
          shop_statue, okawaru_altar_gauntlet_db, uniq_crazy_yiuf_cottage,
          uniq_pikel
D:7:      layout_basic, temple_pool_b, uniq_joseph
D:8:      layout_basic, lair_entry_dummy, the_bakery, minmay_shop_damaged,
          serial_bayou_lake_a
D:9:      minmay_goldmine, layout_rooms, david_orc_5, hangedman_decor_growths,
          minmay_misc_feat_rows
D:10:     layout_roguey [special_room_bee], minmay_misc_feat_ornament
D:11:     layout_gridville, portal_ice_cave_rime
D:12:     minmay_the_grid_3x2 [minmay_the_grid_embedded, minmay_the_grid_box_x,
          minmay_the_grid_broken_lines, minmay_the_grid_empty,
          minmay_the_grid_dragon_a,
          minmay_the_grid_prize_four_corners_diamond_b], layout_long_grid, pond
Lair:1:   layout_gridlike, grunt_forest_large_clearing_hut,
          serial_bayou_shore_a, uniq_fannar
Lair:2:   layout_gridlike, lemuel_fruit_tree
Lair:3:   layout_gridlike, chequers_serial_rivers_marsh, beast_lair_carwin_6,
          grunt_megastairs_2
Lair:4:   layout_roguey, minmay_shoals_entry_beasts,
          minmay_snake_entry_six_corridors, gammafunk_ghost_abyssal_escape,
          beast_lair_carwin_2
Lair:5:   layout_cave_shapes, gammafunk_ghost_abyssal_escape,
          serial_bayou_crossing, grunt_megastairs_3
Lair:6:   grunt_lair_end_beastmaster, layout_cave_pods,
          nicolae_slime_entry_slimehenge, uniq_kirke
Orc:1:    layout_caves, basic_altar
Orc:2:    kennysheep_orc_mage_school, layout_caves, serial_shops,
          nicolae_shop_window_shopping, gauntlet_entry_generic, minmay_orc_keep

Skill      XL: |  1  2  3  4  5  6  7  8  9 10 11 12 13 14 15 |
---------------+----------------------------------------------+-----
Long Blades    | 4 5 6 7 9 10 13 15 17 19 20 21 | 21.2
Fighting       | 4 5 6 7 8 9 10 11 14 15 | 15.7
Armour         | 3 4 6 8 10 11 12 13 14 15 | 15.7
Dodging        | 3 4 5 6 7 |  7.4
Shields        | 4 |  4.8

Action                   |  1- 3 |  4- 6 |  7- 9 | 10-12 | 13-15 || total
-------------------------+-------+-------+-------+-------+-------++-------
Melee: Falchion          |    67 |   112 |   196 |       |       ||   375
       Headbutt          |     9 |    19 |    63 |   131 |   165 ||   387
       Scimitar          |       |       |    80 |   327 |       ||   407
       Double sword      |       |       |       |   215 |       ||   215
       Great sword       |       |       |       |   130 |   781 ||   911
Invok: Berserk           |       |     3 |     2 |     4 |     1 ||    10
Evoke: Wand              |       |       |     1 |       |     1 ||     2
  Use: Scroll            |       |       |     5 |     9 |    13 ||    27
  Eat: Chunk             |     3 |     8 |    10 |    18 |    31 ||    70
       Ration            |       |       |     1 |     1 |     1 ||     3
Armor: Animal skin       |    13 |    10 |       |       |       ||    23
       Chain mail        |       |     7 |   197 |   465 |   506 ||  1175
       Ring mail         |       |     2 |       |       |       ||     2
Dodge: Dodged            |    60 |    75 |   143 |   334 |   405 ||  1017
Block: Buckler           |       |       |     6 |   111 |       ||   117
       Rpst.: Falchion   |    21 |    25 |    25 |       |       ||    71
       Scimitar          |       |       |    15 |    49 |       ||    64
       Double sword      |       |       |       |    15 |       ||    15
       Great sword       |       |       |       |    25 |   109 ||   134

Table legend:
 A = Non-vault XP
 B = Vault XP
 C = Vault XP percentage of total XP
 D = Non-vault monster count
 E = Vault monster count
 F = Vault count percentage of total count
                 A         B        C        D         E       F
            +---------+---------+-------+---------+---------+-------
      Total |   66697 |   62951 |  48.6 |     576 |     280 |  32.7
            +---------+---------+-------+---------+---------+-------
        D:1 |      29 |       0 |   0.0 |      13 |       0 |   0.0
        D:2 |      61 |       9 |  12.9 |      19 |       5 |  20.8
        D:3 |     187 |      18 |   8.8 |      34 |       9 |  20.9
        D:4 |     250 |     238 |  48.8 |      12 |       1 |   7.7
        D:5 |     401 |       0 |   0.0 |      12 |       0 |   0.0
        D:6 |    1025 |     714 |  41.1 |      34 |       8 |  19.0
        D:7 |    1679 |     434 |  20.5 |      32 |       1 |   3.0
        D:8 |    1002 |     504 |  33.5 |      18 |       5 |  21.7
        D:9 |    2824 |     479 |  14.5 |      48 |      30 |  38.5
       D:10 |    3209 |    1796 |  35.9 |      34 |      25 |  42.4
       D:11 |    5832 |     732 |  11.2 |      50 |       2 |   3.8
       D:12 |    3376 |    4735 |  58.4 |      18 |      12 |  40.0
     Lair:1 |    3780 |    1759 |  31.8 |      25 |       4 |  13.8
     Lair:2 |    3845 |       0 |   0.0 |      21 |       0 |   0.0
     Lair:3 |    8374 |    1410 |  14.4 |      27 |      11 |  28.9
     Lair:4 |    6159 |    4224 |  40.7 |      22 |      19 |  46.3
     Lair:5 |    3758 |    1492 |  28.4 |      17 |       7 |  29.2
     Lair:6 |   12922 |   13136 |  50.4 |      42 |      27 |  39.1
      Orc:1 |    4787 |       0 |   0.0 |      41 |       0 |   0.0
      Orc:2 |    3197 |    7885 |  71.2 |      57 |      43 |  43.0
      IceCv |       0 |   13989 | 100.0 |       0 |      53 | 100.0
   Gauntlet |       0 |    9397 | 100.0 |       0 |      18 | 100.0
            +---------+---------+-------+---------+---------+-------
